 Dungeon Crawl Stone Soup version 0.28-a0-1395-g4f6bc678fa (webtiles) character file.

Game seed: 3680832336629871701

19 leviel the Skirmisher (level 2, -1/27 HPs)
             Began as a Hill Orc Fighter on Jan 4, 2022.
             Succumbed to a kobold's poison
             ... on level 1 of the Dungeon.
             The game lasted 00:01:16 (658 turns).

leviel the Skirmisher (Hill Orc Fighter)             Turns: 658, Time: 00:01:18

Health: -1/27      AC:  8    Str: 18    XL:     2   Next: 75%
Magic:  2/2        EV:  9    Int:  8    God:
Gold:   32         SH:  4    Dex: 10    Spells: 1/1 levels left

rFire   . . .      SeeInvis .   a - +0 war axe
rCold   . . .      Faith    .   c - +0 buckler
rNeg    . . .      Spirit   .   b - +0 scale mail
rPois   .          Reflect  .   (no helmet)
rElec   .          Harm     .   h - +0 cloak
rCorr   .          Rampage  .   (no gloves)
Will    .....                   (no boots)
Stlth   ..........              (no amulet)
HPRegen 0.09/turn               (no ring)
MPRegen 0.08/turn               (no ring)

@: lethally poisoned (-1 -> -21)
A: no striking features
a: no special abilities


You were on level 1 of the Dungeon.
You visited 1 branch of the dungeon, and saw 1 of its levels.

You collected 32 gold pieces.

Inventory:

Hand Weapons
 a - a +0 war axe (weapon)
Armour
 b - a +0 scale mail (worn)
 c - a +0 buckler (worn)
 h - a +0 cloak (worn)
Scrolls
 f - a scroll of blinking {unknown}
 g - 2 scrolls of identify {unknown}
 i - a scroll of amnesia {unknown}
Potions
 d - a potion of might
 e - a potion of degeneration {unknown}


   Skills:
 + Level 3.9 Fighting
 * Level 3.4 Axes
 + Level 3.5 Armour
 + Level 3.5 Shields


You had one spell level left.
You didn't know any spells.
Your spell library was empty.

Dungeon Overview and Level Annotations

Branches:
Dungeon (1/15)

Altars:


Message History

The kobold barely misses you.
You hit the kobold.
The kobold is moderately wounded.
The kobold closely misses you.
You closely miss the kobold.
The kobold is moderately wounded.
The kobold hits you but does no damage.
You are poisoned.
You block the kobold's attack.
You barely miss the kobold.
The kobold is moderately wounded.
You feel very sick.
The kobold hits you with a +2 dagger of venom.
You closely miss the kobold.
The kobold is moderately wounded.
You feel sick.
The kobold hits you with a +2 dagger of venom.
You are lethally poisoned!
You are too injured to fight recklessly!
You are too injured to fight recklessly!
You are too injured to fight recklessly!
You are too injured to fight recklessly!
You are too injured to fight recklessly!
You are too injured to fight recklessly!
You are too injured to fight recklessly!
You are too injured to fight recklessly!
There is a lethal amount of poison in your body!
There is a lethal amount of poison in your body!
You hit the kobold but do no damage.
You feel very sick. The kobold hits you but does no damage.
You are more poisoned.
The kobold hits you but does no damage.
You are more poisoned.
You barely miss the kobold.
* * * LOW HITPOINT WARNING * * *
You feel extremely sick. The kobold barely misses you.
Okay, then.
You die...

##.# #
#....#
...#
###.)#
##.#
#.###..#
...#
#......#
##...
#####.##
....#
#...#
###.#
#.### #
.# #.# #
#@#
###.##
#.#
......
#K#
#####.
#.# #.#
# #.# #
..# #
### #


You could see a kobold.

Vanquished Creatures
  2 endoplasms (D:1)
  A goblin (D:1)
  2 hobgoblins (D:1)
  3 kobolds (D:1)
  2 quokkas (D:1)
  3 bats (D:1)
  2 frilled lizards (D:1)
  2 rats (D:1)
17 creatures vanquished.

Vanquished Creatures (others)
  A plant (D:1)
1 creature vanquished.

Grand Total: 18 creatures vanquished

Notes
Turn   | Place    | Note
-------+----------+-------------------------------------------
     0 | D:1      | leviel the Hill Orc Fighter began the quest for the Orb.
     0 | D:1      | Reached XP level 1. HP: 19/19 MP: 1/1
   329 | D:1      | Reached XP level 2. HP: 21/27 MP: 2/2
   483 | D:1      | Found a faded altar of an unknown god.
   658 | D:1      | Succumbed to a kobold's poison

Illustrated notes

Levels and vault maps discovered:
D:1:      kilobyte_arrival_exit_the_forest, layout_loops_cross,
          dreamdust_ecumenical_altar_hidden_monk_grotto

Skill      XL: |  1 |
---------------+----+-----
Axes           | 3 |  3.4
Fighting       | |  3.9
Armour         | |  3.5
Shields        | |  3.5

Action                   || total
-------------------------++-------
Melee: War axe           ||    65
Armor: Scale mail        ||    40
Dodge: Dodged            ||    29
Block: Buckler           ||    19

Table legend: (Time is in decaauts)
 A = Elapsed time spent in this place.
 B = Non-inter-level travel time spent in this place.
 C = Inter-level travel time spent in this place.
 D = Time resting spent in this place.
 E = Time spent auto-exploring this place.
 F = Levels seen in this place.
 G = Mean time per level.
                   A        B        C        D        E       F      G
               +--------+--------+--------+--------+--------+-----+--------+
         Total |    682 |    671 |     11 |      0 |    515 |   1 |  682.0 |
       Dungeon |    682 |    671 |     11 |      0 |    515 |   1 |  682.0 |
               +--------+--------+--------+--------+--------+-----+--------+

Top non-repeatable levels by time:
     D:1: 682 daAuts
